 Dungeon Crawl Stone Soup version 0.31-a0-846-gb3bcc0d938 (webtiles) character file.

Game seed: 9921430001322559269

1218 Danienth the Slicer (level 8, -12/46 HPs)
             Began as a Kobold Enchanter on Oct 3, 2023.
             Was a Believer of Okawaru.
             Killed from afar by an acid dragon (26 damage)
             ... with a splash of acid
             ... on level 6 of the Dungeon.
             The game lasted 00:33:42 (6621 turns).

Danienth the Slicer (Kobold Enchanter)              Turns: 6621, Time: 00:33:43

Health: -12/46     AC:  5    Str: 11    XL:     8   Next: 75%
Magic:  21/21      EV: 15    Int: 16    God:    Okawaru [**....]
Gold:   132        SH:  0    Dex: 16    Spells: 8/13 levels left

rFire   . . .        p - +1 dagger (flame)
rCold   . . .        (no shield)
rNeg    + . .        b - +1 robe
rPois   .            (no helmet)
rElec   .            o - +1 cloak
rCorr   .            i - +0 pair of gloves of Words of Power {rN+ Str+4}
SInv    .            d - +2 pair of boots
Will    .....        (no amulet)
Stlth   ++++         e - ring of magical power
HPRegen 0.27/turn    (no ring)
MPRegen 0.17/turn

%: no passive effects
@: corroded
A: small, no large weapons, nightstalker 3
a: Renounce Religion, Heroism


You were on level 6 of the Dungeon.
You worshipped Okawaru.
Okawaru was pleased with you.
You visited 1 branch of the dungeon, and saw 6 of its levels.
You also visited: Ossuary.

You collected 237 gold pieces.
You spent 105 gold pieces at shops.

Inventory:

Hand Weapons
 a - a +1 dagger
 l - a +2 whip of draining
 n - a +1 dagger of speed
 p - a +1 dagger of flaming (weapon)
 r - a +1 spear of freezing
Missiles
 c - 4 poisoned darts (quivered)
Armour
 b - a +1 robe (worn)
 d - a +2 pair of boots (worn)
 i - the +0 pair of gloves of Words of Power (worn) {rN+ Str+4}
   (You acquired it on level 3 of the Dungeon)

   Str+4:     It affects your strength (+4).
   rN+:       It protects you from negative energy.
 o - a +1 cloak (worn)
Jewellery
 e - a ring of magical power (left hand)
Wands
 k - a wand of mindburst (15)
Scrolls
 f - 4 scrolls of identify
 g - 2 scrolls of amnesia
 h - 2 scrolls of teleportation
 s - a scroll of vulnerability {unknown}
Potions
 j - 2 potions of curing
 m - a potion of attraction
 q - a potion of heal wounds


   Skills:
 * Level 3.0 Fighting
 - Level 11.0 Short Blades
 + Level 3.5 Dodging
 + Level 5.0 Stealth
 + Level 3.0 Spellcasting
 + Level 3.5 Hexes


You had 8 spell levels left.
You knew the following spells:

 Your Spells              Type           Power      Damage    Failure   Level
a - Ensorcelled Hibernat  Hex/Ice        16%        N/A       14%         2
b - Confusing Touch       Hex            13%        N/A       13%         3

Your spell library contained the following spells:

 Spells                   Type           Power      Damage    Failure   Level
 Dazzling Flash           Conj/Hex       16%        N/A       26%         3
 Volatile Blastmotes      Fire/Tloc      4%         2d10      50%         3
 Starburst                Conj/Fire      1%         6d3       100%        6
 Maxwell's Capacitive Co  Air            1%         ∞         100%        8
 Tukima's Dance           Hex            Unusable   N/A       N/A         3

Dungeon Overview and Level Annotations

Branches:
Dungeon (6/15)            Ossuary (visited)
 Temple: D:4-7

Altars:
Ashenzari
Dithmenos
Fedhas
Okawaru
Sif Muna
Zin

Shops:
D:4 [   D:6 ?

Annotations:
D:5 Sigmund


Innate Abilities, Weirdness & Mutations

You are small and have problems with some larger weapons.
You are completely attuned to the shadows.


Message History

The ice beast closely misses you.
You catch the helpless ice beast completely off-guard!
You impale the ice beast!!
You melt the ice beast.
You kill the ice beast!
Okawaru accepts your kill.
Your Fighting skill increases to level 3!
Your Stealth skill increases to level 5!
Your Spellcasting skill increases to level 3!
c - 4 poisoned darts (gained 1)
c - 5 poisoned darts (gained 1)
You start resting.
Magic restored.
HP restored.
You open the door.
There is an open door here.
s - a scroll labelled DIUMECS RIXEFI
Found a stone staircase leading up.
You now have 132 gold pieces (gained 9).
There is a stone staircase leading up here.
There is an open door here.
There is an open door here.
Things that are here:
a +0 spear; a gnoll skeleton You see here a +0 flail.
An acid dragon is nearby!
Throw: 5 darts (poison)
Press: ? - help, Q - select action, (/) - cycle Shift-Dir - straight line, f - acid dragon
Aim: an acid dragon (wandering, hasn't noticed you, 57% to hit)
You throw a poisoned dart.
The poisoned dart barely misses the acid dragon.
The acid dragon roars!
The acid dragon spits acid at you. The splash of acid hits you!!
Ouch! That really hurt!
* * * LOW HITPOINT WARNING * * *
The acid corrodes you! The acid dragon spits acid at you.
The splash of acid hits you!!
Ouch! That really hurt!
You die...

##.# #.###.###.# ##.....## #
.#.######.# #..##.###)......## #
.......##.###...#.##.........####
...................'.....>...'..∩
..##.#.##.###...#.##.........###.
..##.#.##.####.##.###..>....## ##
.....#.##..)..))..####.....## #
..####.#######.#...D.##...## #
.......# #.#@###.###'## ..######
#.#.###.# #.# .## #....##D# #.#
.# ###..##.###.## .#
#..##.##...## ## .#
#.)##.#.....#.. .. .#
#.....##...##.# .. .#
##..(...#.###.# .# .#
######.#.###.##.#


You could see an acid dragon (catching breath).

Vanquished Creatures
  Edmund (D:4)
  An ice beast (D:6)
  An ogre (D:6)
  2 centaurs (D:5)
  A bullfrog (D:5)
  3 scorpions
  A howler monkey (D:4)
  A gnoll bouda (D:6)
  5 hounds
  2 sleepcaps (D:6)
  An iguana (D:6)
  Terence (D:3)
  A mummy (D:4)
  5 gnolls
  3 adders
  3 shadow imps (D:6)
  A white imp (D:6)
  An ufetubus (D:5)
  A worm (D:3)
  2 dart slugs
  7 orcs
  3 bats
  10 endoplasms
  4 giant cockroaches
  6 hobgoblins
  4 jackals (D:4)
  4 quokkas
  9 ball pythons
  4 frilled lizards
  8 goblins
  A goblin zombie (D:4)
  A hobgoblin zombie (D:4)
  9 kobolds
  6 rats
113 creatures vanquished.

Notes
Turn   | Place    | Note
-------+----------+-------------------------------------------
     0 | D:1      | Danienth the Kobold Enchanter began the quest for the Orb.
     0 | D:1      | Reached XP level 1. HP: 10/10 MP: 3/3
    37 | D:1      | Reached skill level 2 in Short Blades
    67 | D:1      | Reached XP level 2. HP: 10/15 MP: 5/5
   215 | D:1      | Reached skill level 3 in Short Blades
   603 | D:1      | Reached XP level 3. HP: 17/19 MP: 6/6
   837 | D:2      | Learned a level 2 spell: Ensorcelled Hibernation
   931 | D:2      | Reached skill level 4 in Short Blades
  1459 | D:2      | Reached XP level 4. HP: 24/24 MP: 7/7
  1792 | D:2      | Reached skill level 5 in Short Blades
  1934 | D:2      | You fall into a shaft and drop 2 floors!
  1987 | D:4      | Noticed a scorpion
  2000 | D:4      | Killed a scorpion
  2001 | D:4      | Reached skill level 6 in Short Blades
  2001 | D:4      | Reached XP level 5. HP: 17/28 MP: 5/8
  2186 | D:4      | Found a glowing silver altar of Zin.
  2205 | D:4      | Found a sand-covered staircase.
  2226 | Ossuary  | Entered an ossuary
  2843 | D:3      | Found a faded altar of an unknown god.
  2878 | D:3      | Identified a scroll of acquirement
  2879 | D:3      | Acquired the +0 pair of gloves of Words of Power {rN+
                  | Str+4}
  2942 | D:3      | Found a blossoming altar of Fedhas.
  3077 | D:3      | Noticed Terence
  3079 | D:3      | Found an iron altar of Okawaru.
  3083 | D:3      | Killed Terence
  3084 | D:3      | Reached skill level 7 in Short Blades
  3084 | D:3      | Reached XP level 6. HP: 32/32 MP: 9/9
  3084 | D:3      | Found a shimmering blue altar of Sif Muna.
  3090 | D:3      | Became a worshipper of Warmaster Okawaru
  3576 | D:4      | Noticed Edmund
  3629 | D:4      | Killed Edmund
  3630 | D:4      | Reached skill level 8 in Short Blades
  3630 | D:4      | Reached XP level 7. HP: 36/36 MP: 10/10
  3690 | D:4      | Reached skill level 9 in Short Blades
  3764 | D:4      | Found a broken altar of Ashenzari.
  3968 | D:4      | Found Zutuyrhu's Armour Emporium.
  4306 | D:5      | Entered Level 5 of the Dungeon
  4331 | D:5      | Found a shadowy altar of Dithmenos.
  4559 | D:5      | Reached * piety under Okawaru
  4560 | D:5      | Reached skill level 10 in Short Blades
  5083 | D:5      | Reached XP level 8. HP: 34/41 MP: 11/11
  5203 | D:5      | Reached skill level 11 in Short Blades
  5314 | D:5      | Noticed Sigmund
  5471 | D:6      | Reached skill level 1 in Fighting
  5810 | D:6      | Learned a level 3 spell: Confusing Touch
  5994 | D:6      | Found Wiacluru's Magic Scroll Shop.
  6002 | D:6      | Bought a scroll of teleportation for 45 gold pieces
  6002 | D:6      | Bought a scroll of fear for 60 gold pieces
  6405 | D:6      | Reached ** piety under Okawaru
  6406 | D:6      | Reached skill level 5 in Stealth
  6621 | D:6      | Killed from afar by an acid dragon

Illustrated notes

Levels and vault maps discovered:
D:1:      ncdulo_watergridlock, layout_rooms
D:2:      minmay_recursive_quarters, layout_basic
D:3:      layout_basic, mainiacjoe_overflow_alcove_1, minitemple,
          shapermc_ecumenical_altar_pompeii, uniq_terence
D:4:      layout_loops_ring, mainiacjoe_overflow_alcove_2, lemuel_round_altar,
          serial_shops, nicolae_shop_stone, nicolae_ossuary_entry_giza,
          abandoned_shop, uniq_edmund
D:5:      layout_loops_corners, mainiacjoe_overflow_cross_hatched,
          kb_lookout_dungeons_type, uniq_sigmund, uniq_pikel, uniq_eustachio
D:6:      minmay_chambers_of_fours, layout_loops_corners, serial_shops, shop

Skill      XL: |  1  2  3  4  5  6  7  8 |
---------------+-------------------------+-----
Short Blades   | 2 3 4 6 7 8 10 11 | 11.0
Fighting       | 3 |  3.0
Dodging        | 3 |  3.5
Stealth        | 5 |  5.0
Spellcasting   | 3 |  3.0
Hexes          | |  3.5

Action                     |  1- 3 |  4- 6 |  7- 9 || total
---------------------------+-------+-------+-------++-------
  Melee: Dagger            |    86 |   114 |   567 ||   767
         Punch             |     1 |       |    11 ||    12
  Throw: Dart              |       |     2 |    11 ||    13
         Stone             |       |       |    19 ||    19
   Cast: Ensorcelled Hiber |     7 |    19 |    20 ||    46
         Confusing Touch   |       |       |     5 ||     5
    Use: Potion            |     2 |     2 |       ||     4
         Scroll            |     2 |     8 |     6 ||    16
   Stab: Sleeping          |    19 |    25 |    15 ||    59
         Invisible         |     1 |       |       ||     1
         Distracted        |       |     1 |     1 ||     2
         Confused          |       |       |     2 ||     2
 Armour: Robe              |    23 |    27 |    63 ||   113
  Dodge: Dodged            |    58 |    36 |    94 ||   188

Table legend: (Time is in decaauts)
 A = Elapsed time spent in this place.
 B = Non-inter-level travel time spent in this place.
 C = Inter-level travel time spent in this place.
 D = Time resting spent in this place.
 E = Time spent auto-exploring this place.
 F = Levels seen in this place.
 G = Mean time per level.
                   A        B        C        D        E       F      G
               +--------+--------+--------+--------+--------+-----+--------+
         Total |   6174 |   5865 |    309 |    411 |   4426 |   7 |  882.0 |
       Dungeon |   6171 |   5862 |    309 |    411 |   4426 |   6 | 1028.5 |
       Ossuary |      2 |      2 |      0 |      0 |      0 |   1 |    2.0 |
               +--------+--------+--------+--------+--------+-----+--------+

Top non-repeatable levels by time:
     D:2: 1302 daAuts
     D:6: 1226 daAuts
     D:4: 1071 daAuts
     D:3: 1025 daAuts
     D:1: 804 daAuts
     D:5: 742 daAuts
 Ossuary: 2 daAuts
